 Dungeon Crawl Stone Soup version 0.29.0-13-gc9e81de378 (webtiles) character file.

Game seed: 13421484701928739076

21555 raph the Destroyer (level 12, -7/68 HPs)
             Began as a Deep Elf Earth Elementalist on Sept 6, 2022.
             Was a Believer of Sif Muna.
             Mangled by an elephant (15 damage)
             ... on level 4 of the Lair of Beasts on Sept 7, 2022.
             The game lasted 00:30:04 (24489 turns).

raph the Destroyer (Deep Elf Earth Elementalist)   Turns: 24489, Time: 00:30:04

Health: -7/68      AC: 11    Str:  5    XL:     12   Next: 55%
Magic:  26/27      EV: 19    Int: 29    God:    Sif Muna [**....]
Gold:   376        SH:  5    Dex: 15    Spells: 9/30 levels left

rFire   + . .      SeeInvis .   a - +2 dagger (venom)
rCold   . . .      Faith    .   (no shield)
rNeg    . . .      Spirit   .   x - +3 leather armour {rPois}
rPois   +          Reflect  +   D - +2 helmet {Int+3}
rElec   +          Harm     .   E - +0 cloak
rCorr   .          Rampage  .   (no gloves)
Will    .....                   M - +0 pair of boots
Stlth   ++++......              q - amulet of Tadd {Reflect Fly rElec Will- SH+5}
HPRegen 0.21/turn               i - ring of protection from fire
MPRegen 0.20/turn               h - +4 ring of evasion

@: flying
A: no striking features
a: Renounce Religion, Channel Magic


You were on level 4 of the Lair of Beasts.
You worshipped Sif Muna.
Sif Muna was pleased with you.
You visited 2 branches of the dungeon, and saw 14 of its levels.

You collected 670 gold pieces.
You spent 294 gold pieces at shops.

Inventory:

Hand Weapons
 a - a +2 dagger of venom (weapon)
 b - a +0 shortbow of flaming
 m - a +3 short sword of freezing
 w - a +2 dagger of protection
 A - a +0 vampiric rapier
Armour
 x - a +3 leather armour of poison resistance (worn)
 D - a +2 helmet of intelligence (worn)
 E - a +0 cloak (worn)
 M - a +0 pair of boots (worn)
Jewellery
 h - a +4 ring of evasion (right hand)
 i - a ring of protection from fire (left hand)
 q - the amulet of Tadd (around neck) {Reflect Fly rElec Will- SH+5}
   (You took it off an orc on level 3 of the Dungeon)

   [amulet of reflection]

   It reflects blocked missile attacks.
   rElec:     It insulates you from electricity.
   Fly:       It grants you flight.
   SH:        It affects your SH (+5).
   Will:      It decreases your willpower.
 r - an amulet of regeneration
 y - a +4 ring of evasion
 C - a +6 ring of dexterity
 G - a ring of protection from cold
 H - a ring of protection from cold
Wands
 e - a wand of flame (32)
 F - a wand of mindburst (8)
 J - a wand of iceblast (1)
 K - a wand of paralysis (4)
Scrolls
 f - 4 scrolls of teleportation
 s - a scroll of blinking
 t - 3 scrolls of fear
 L - a scroll of silence
 N - a scroll of identify
Potions
 c - 3 potions of brilliance
 d - 3 potions of invisibility
 g - 2 potions of resistance
 j - 4 potions of curing
 k - 3 potions of lignification {unknown}
 l - 3 potions of haste
 n - a potion of flight {unknown}
 o - 2 potions of attraction {unknown}
 p - 2 potions of cancellation {unknown}
 u - 3 potions of heal wounds {unknown}
 v - 4 potions of magic
 z - 2 potions of ambrosia {unknown}
 B - a potion of might {unknown}
 I - a potion of mutation {unknown}


   Skills:
 + Level 5.6 Fighting
 + Level 8.7 Dodging
 + Level 9.4 Stealth
 + Level 9.5 Spellcasting
 * Level 10.5 Conjurations
 + Level 7.6 Hexes
 - Level 1.1 Transmutations
 * Level 6.8 Fire Magic
 + Level 9.4 Earth Magic
 + Level 6.0 Invocations


You had 9 spell levels left.
You knew the following spells:

 Your Spells              Type           Power      Damage    Failure   Level
a - Sandblast             Erth           100%       2d20      1%          1
b - Passwall              Tmut/Erth      36%        N/A       1%          2
c - Stone Arrow           Conj/Erth      100%       3d13      1%          3
d - Petrify               Tmut/Erth      44%        N/A       8%          4
e - Tukima's Dance        Hex            55%        N/A       1%          3
f - Foxfire               Conj/Fire      100%       2x1d9     1%          1
g - Inner Flame           Hex/Fire       54%        N/A       1%          3
h - Flame Wave            Conj/Fire      59%        2d14      1%          4

Your spell library contained the following spells:

 Spells                   Type           Power      Damage    Failure   Level
 Shock                    Conj/Air       100%       1d9       1%          1
 Conjure Flame            Conj/Fire      59%        6-21      1%          3
 Portal Projectile        Hex/Tloc       72%        N/A       4%          3
 Freeze                   Ice            52%        1d7       7%          1
 Swiftness                Air            13%        N/A       21%         3
 Yara's Violent Unravell  Hex/Tmut       19%        3d9       30%         5
 Metabolic Englaciation   Hex/Ice        18%        N/A       36%         5
 Airstrike                Air            6%         2d(1-17)  54%         4
 Blade Hands              Tmut           10%        N/A       75%         5
 Eringya's Noxious Bog    Tmut/Pois      8%         N/A       100%        6


Dungeon Overview and Level Annotations

Branches:
Dungeon (9/15)             Temple (0/1) D:7            Lair (5/5) D:9
  Swamp (0/4) Lair:3       Spider (0/4) Lair:2        Slime (0/5) Lair:4
    Orc: D:9-12

Altars:
Dithmenos
Elyvilon
Nemelex Xobeh
Okawaru
Ru
Sif Muna
Trog
Vehumet
Wu Jian
Jiyva

Shops:
D:6 *   D:8 *

Annotations:
Lair:1 3 runed translucent doors, Gonzollydolly's ghost, journeyman MfWr
Lair:2 2 transporters, sentinel's ghost, journeyman MeEE
Lair:3 exclusion: oklob plant


Message History

Casting: Passwall (safe; 1% risk of failure)
Confirm with . or Enter, or press ? or * to list all spells.
Aiming: Passwall (safe; 1% risk of failure)
Press: ? - help, Dir - move target A rock wall.
The elephant closely misses you. You block the elephant's attack.
You begin to meditate on the wall.
You continue meditating on the rock.
The elephant barely misses you.
The elephant trunk-slaps you but does no damage.
You continue meditating on the rock.
The elephant tramples you.
* * * LOW HITPOINT WARNING * * *
You hold your ground!
You block the elephant's attack.
You continue meditating on the rock.
The elephant misses you. x2
You continue meditating on the rock.
The elephant misses you. You block the elephant's attack.
You finish merging with the rock.
The elephant trumpets!
The elephant trumpets! x2; The water moccasin hisses angrily.
You hear a croak.
The elephant completely misses you. The elephant closely misses you.
The elephant misses you. The elephant barely misses you.
The elephant tramples you but does no damage.
You block the elephant's attack. The elephant attacks as you move away!
The elephant closely misses you. You block the elephant's attack.
You see here a blink frog corpse.
There is a stone staircase leading up, spattered with blood here.
You block the elephant's attack. The elephant misses you. x2
The elephant closely misses you.
You fly upwards.
There is a stone staircase leading down here.
The elephant attacks as you move away! The elephant tramples you.
* * * LOW HITPOINT WARNING * * *
You block the elephant's attack. The elephant attacks as you move away!
The elephant tramples you!
* * * LOW HITPOINT WARNING * * *
The elephant trunk-slaps you but does no damage.
The elephant tramples you!
You die...

#.........##....##......##..####.
...........##...#.......###.#.##.
..##.#......##...................
.#######.....####.##.............
.#............##.................
.+..................#............
.#...♣..♣.<.♣...Y>..#..#..#...#..
.................Y..#..####..###.
.#.............#@..##..# ##.## #.
###.#.#...♣..###.###...###...###.
####..............PP...P#.....##.
..#.........#.................##.
#.....♣...#.......#....##.#.###..
...........##.#.####....###..##..
#.+......#.##..#####...##....##..
###.....#........................
##..#.#..........................


You could see 2 elephants.

Vanquished Creatures
  Gastronok (Lair:2)
  A hydra (Lair:3)
  A necromancer (Lair:3)
  A will-o-the-wisp (Lair:3)
  A torpor snail (Lair:3)
  2 black mambas
  10 cane toads
  A rime drake (Lair:4)
  3 komodo dragons
  A troll (D:8)
  A polar bear (Lair:4)
  A hornet (D:8)
  16 blink frogs
  28 yaks
  4 culicivoras (Lair:2)
  3 spriggans (Lair:2)
  A vampire (D:9)
  3 wyverns
  A basilisk (Lair:1)
  Eustachio (D:5)
  A steam dragon (D:8)
  8 water moccasins
  2 orc warriors
  An ice beast (D:7)
  A black bear (D:8)
  2 ogres (D:5)
  7 wolves
  3 centaurs
  A phantom (D:5)
  8 bullfrogs
  3 kobold brigands
  A gnoll sergeant (D:6)
  A necrophage (D:5)
  2 scorpions
  An electric eel (D:9)
  A howler monkey (D:9)
  7 hounds
  An orc priest (D:4)
  2 jellies
  3 gnoll boudas
  5 iguanas
  4 orc wizards
  3 polar bear simulacra (Lair:3)
  A wolf simulacrum (Lair:3)
  5 yak simulacra (Lair:3)
  13 adders
  20 gnolls
  2 white imps (D:6)
  An ufetubus (D:6)
  2 worms
  2 dart slugs
  21 orcs
  6 ball pythons
  5 endoplasms
  6 giant cockroaches
  10 goblins
  6 hobgoblins
  9 jackals
  3 bats
  4 frilled lizards
  19 kobolds
  9 rats
  2 river rat simulacra (Lair:3)
295 creatures vanquished.

Vanquished Creatures (collateral kills)
  A foxfire (Lair:4)
1 creature vanquished.

Vanquished Creatures (others)
  3 dancing weapons
  125 foxfires
  57 fungi
  73 plants
258 creatures vanquished.

Grand Total: 554 creatures vanquished

Notes
Turn   | Place    | Note
-------+----------+-------------------------------------------
     0 | D:1      | raph the Deep Elf Earth Elementalist began the quest for
                  | the Orb.
     0 | D:1      | Reached XP level 1. HP: 10/10 MP: 6/6
   260 | D:1      | Reached XP level 2. HP: 15/15 MP: 5/8
   609 | D:1      | Found a faded altar of an unknown god.
  1090 | D:2      | Reached XP level 3. HP: 20/20 MP: 7/9
  1556 | D:2      | Learned a level 2 spell: Passwall
  1560 | D:2      | Learned a level 3 spell: Stone Arrow
  2450 | D:3      | Reached XP level 4. HP: 24/24 MP: 8/11
  2556 | D:3      | Reached skill level 1 in Fighting
  2637 | D:3      | Reached skill level 1 in Conjurations
  2838 | D:3      | Identified the amulet of Tadd {Reflect Fly rElec Will-
                  | SH+5}
  3245 | D:3      | Found a faded altar of an unknown god.
  3254 | D:3      | Reached XP level 5. HP: 18/29 MP: 3/12
  3517 | D:3      | Found a sparkling altar of Nemelex Xobeh.
  3994 | D:4      | Reached skill level 2 in Conjurations
  3994 | D:4      | Reached skill level 5 in Earth Magic
  4086 | D:3      | Learned a level 4 spell: Petrify
  4198 | D:4      | Reached XP level 6. HP: 34/34 MP: 0/13
  4937 | D:5      | Entered Level 5 of the Dungeon
  5054 | D:5      | Noticed Eustachio
  5069 | D:5      | Killed Eustachio
  5070 | D:5      | Reached skill level 3 in Conjurations
  5070 | D:5      | Reached XP level 7. HP: 39/39 MP: 6/15
  5552 | D:5      | Reached skill level 4 in Conjurations
  5650 | D:5      | Reached skill level 5 in Spellcasting
  5852 | D:5      | Reached XP level 8. HP: 45/45 MP: 7/17
  6142 | D:6      | Reached skill level 5 in Stealth
  6554 | D:6      | Found Doaly's Gadget Gallery.
  6636 | D:6      | Reached skill level 5 in Conjurations
  6909 | D:6      | Reached skill level 5 in Dodging
  6913 | D:6      | Learned a level 3 spell: Tukima's Dance
  6997 | D:6      | Found a white marble altar of Elyvilon.
  7408 | D:7      | Found a shimmering blue altar of Sif Muna.
  7416 | D:7      | Became a worshipper of Sif Muna the Loreminder
  7561 | D:7      | Reached skill level 1 in Hexes
  8694 | D:7      | Reached XP level 9. HP: 50/50 MP: 6/20
  8744 | D:6      | Reached * piety under Sif Muna
  8745 | D:6      | Reached skill level 6 in Conjurations
  9106 | D:7      | Found a staircase to the Ecumenical Temple.
  9158 | D:7      | Found a sacrificial altar of Ru.
  9183 | D:7      | Found a radiant altar of Vehumet.
 10161 | D:8      | Reached skill level 1 in Invocations
 10220 | D:8      | Found an iron altar of Okawaru.
 10351 | D:8      | Found Luje's Assorted Antiques.
 10360 | D:8      | Bought a runed helmet for 232 gold pieces
 10390 | D:8      | Found a shadowy altar of Dithmenos.
 11476 | D:9      | Noticed a troll
 11939 | D:9      | Reached skill level 7 in Conjurations
 12275 | D:8      | Killed a troll
 12276 | D:8      | Reached XP level 10. HP: 24/56 MP: 4/22
 13562 | D:9      | Learned a level 1 spell: Foxfire
 13566 | D:9      | Learned a level 3 spell: Inner Flame
 13571 | D:9      | Learned a level 4 spell: Flame Wave
 13584 | D:9      | Found a bloodstained altar of Trog.
 13824 | D:9      | Found a staircase to the Lair.
 14026 | Lair:1   | Entered Level 1 of the Lair of Beasts
 14349 | D:9      | Reached skill level 8 in Conjurations
 14349 | D:9      | Reached skill level 5 in Hexes
 14349 | D:9      | Reached skill level 1 in Fire Magic
 14853 | Lair:1   | Noticed a cane toad
 14857 | Lair:1   | Killed a cane toad
 15208 | Lair:1   | Noticed a cane toad
 15211 | Lair:1   | Killed a cane toad
 15478 | D:8      | Bought a scroll of identify for 62 gold pieces
 15625 | Lair:1   | Found a runed translucent gate.
 15625 | Lair:1   | Found a runed translucent gate.
 15626 | Lair:1   | Noticed a 12-headed hydra
 15627 | Lair:1   | Found a runed translucent gate.
 15629 | Lair:1   | Noticed Gonzollydolly's ghost (journeyman MfWr)
 15815 | Lair:1   | Got the Tome of Rime and Transmutation
 15908 | Lair:1   | Noticed a cane toad
 15915 | Lair:1   | Killed a cane toad
 16251 | Lair:2   | Noticed a black mamba
 16251 | Lair:2   | Noticed a cane toad
 16256 | Lair:1   | Killed a cane toad
 16311 | Lair:2   | Noticed a cane toad
 16315 | Lair:2   | Killed a cane toad
 16316 | Lair:2   | Reached XP level 11. HP: 62/62 MP: 15/25
 16365 | Lair:2   | Upgraded the game from 0.29.0-11-gd7f09526c8 to
                  | 0.29.0-13-gc9e81de378
 16382 | Lair:2   | Reached ** piety under Sif Muna
 16572 | Lair:2   | Noticed Gastronok
 16720 | Lair:2   | Killed Gastronok
 16728 | Lair:2   | Reached skill level 9 in Conjurations
 16926 | Lair:2   | Found an ornate altar of the Wu Jian Council.
 18187 | Lair:2   | Noticed sentinel's ghost (journeyman MeEE)
 18193 | Lair:2   | Found a transporter.
 18197 | Lair:2   | Found a transporter.
 18591 | Lair:2   | Found a hole to the Spider Nest.
 19106 | Lair:3   | Found a staircase to the Swamp.
 19322 | Lair:3   | Noticed an eight-headed hydra
 19329 | Lair:3   | Killed an eight-headed hydra
 19330 | Lair:3   | Reached skill level 5 in Fighting
 19595 | Lair:3   | Noticed an oklob plant
 19653 | Lair:3   | Reached skill level 5 in Fire Magic
 19654 | Lair:3   | Reached skill level 5 in Invocations
 20489 | Lair:3   | Reached XP level 12. HP: 50/68 MP: 4/27
 21017 | Lair:3   | Reached skill level 10 in Conjurations
 23449 | Lair:4   | Found a viscous altar of Jiyva.
 23450 | Lair:4   | Found a staircase to the Slime Pits.
 23968 | Lair:5   | Entered Level 5 of the Lair of Beasts
 24489 | Lair:4   | Mangled by an elephant

Illustrated notes

Levels and vault maps discovered:
D:1:      dpeg_arrival_prison, layout_loops_corners,
          ebering_ecumenical_altar_petrified
D:2:      layout_basic
D:3:      layout_basic, nicolae_overflow_ecumenical_swirl
D:4:      layout_rooms, reono_crystal_passage
D:5:      layout_basic, uniq_eustachio
D:6:      layout_loops_ring, mainiacjoe_overflow_alcove_2, serial_bayou_pond_c,
          nicolae_shop_gadgets
D:7:      layout_layer_cave, lemuel_crystal_altar,
          mainiacjoe_overflow_two_lobes, minmay_temple_entry_junction,
          dreamdust_gnoll_farm
D:8:      layout_rooms, okawaru_metal_pillars_3,
          mainiacjoe_overflow_concentric_impassable, serial_shops,
          nicolae_square_shop
D:9:      layout_cave_pools, lemuel_round_altar, erik_lair_island
Lair:1:   layout_cave_pods, gammafunk_ghost_hydra_chop, serial_bayou_shore_a,
          grunt_megastairs_1, infiniplex_staircase_pool
Lair:2:   layout_regular_city, hellmonk_spider_entry_life_and_decay,
          basic_altar, gammafunk_ghost_hive, wad_woods_02, uniq_gastronok
Lair:3:   layout_small_grid, minmay_swamp_entry_wisps, eino_house_with_fridge
Lair:4:   layout_regular_city, dpeg_slime_entry_enclosed,
          chequers_serial_rivers_micro_d, grunt_megastairs_3
Lair:5:   due_jungle_book, layout_big_grid, lemuel_fruit_tree,
          grunt_megastairs_5

Skill      XL: |  1  2  3  4  5  6  7  8  9 10 11 12 |
---------------+-------------------------------------+-----
Stealth        | 3 4 5 7 8 9 |  9.4
Earth Magic    | 4 5 6 7 8 9 |  9.4
Dodging        | 3 4 5 6 7 8 |  8.7
Fighting       | 1 2 3 4 5 |  5.6
Conjurations   | 1 2 3 4 5 7 8 9 10 | 10.5
Spellcasting   | 4 5 6 7 8 9 |  9.5
Hexes          | 2 4 5 6 7 |  7.6
Invocations    | 2 4 5 6 |  6.0
Fire Magic     | 3 5 6 |  6.8
Transmutations | |  1.1

Action                   |  1- 3 |  4- 6 |  7- 9 | 10-12 || total
-------------------------+-------+-------+-------+-------++-------
Melee: Dagger            |    34 |       |     9 |    51 ||    94
       Short sword       |       |    10 |     1 |       ||    11
       Rapier            |       |       |     4 |       ||     4
       Punch             |       |       |       |     1 ||     1
 Fire: Shortbow          |       |       |    34 |     3 ||    37
 Cast: Sandblast         |    47 |    49 |    46 |    40 ||   182
       Stone Arrow       |     2 |    25 |   116 |   107 ||   250
       Petrify           |       |     1 |     6 |    22 ||    29
       Tukima's Dance    |       |       |     8 |     2 ||    10
       Passwall          |       |       |     1 |     2 ||     3
       Foxfire           |       |       |       |    71 ||    71
       Flame Wave        |       |       |       |    27 ||    27
  Use: Scroll            |     4 |     7 |     6 |     4 ||    21
       Potion            |       |       |     1 |     2 ||     3
 Stab: Sleeping          |     1 |       |       |       ||     1
       Petrified         |       |       |       |     5 ||     5
       Petrifying        |       |       |       |     1 ||     1
Armor: Robe              |    12 |     1 |       |       ||    13
       Leather armour    |       |       |    31 |    47 ||    78
Dodge: Dodged            |    44 |    26 |   145 |   211 ||   426
Block: Other             |       |    14 |    48 |    65 ||   127
       Reflection        |       |       |     7 |     1 ||     8
